 Dungeon Crawl Stone Soup version 0.22.0-6-g71bd7aa (webtiles) character file.

19 Amnesiac the Gusty (level 2, -4/19 HPs)
             Began as a Mummy Air Elementalist on Aug 15, 2018.
             Slain by Grinder (7 damage)
             ... while paralysed by Grinder
             ... on level 3 of the Dungeon.
             The game lasted 00:03:34 (588 turns).

Amnesiac the Gusty (Mummy Air Elementalist)          Turns: 588, Time: 00:03:34

Health: -4/19      AC:  2    Str: 11    XL:     2   Next: 55%
Magic:  3/6        EV:  2    Int: 14    God:
Gold:   0          SH:  0    Dex: 12    Spells: 4/7 levels left

rFire    x . .     SeeInvis .   (no weapon)
rCold    + . .     Gourm    .   (no shield)
rNeg     + + +     Faith    .   a - +0 robe
rPois    ∞         Spirit   .   (no helmet)
rElec    .         Reflect  .   (no cloak)
rCorr    .         Harm     .   (no gloves)
MR       .....                  (no boots)
Stlth    ++........             (no amulet)
HPRegen  0.06/turn              c - +5 ring of evasion
MPRegen  0.10/turn              (no ring)

@: paralysed
A: no food or potions, fire vulnerability, cold resistance 1, negative energy
resistance 3, torment resistance, unbreathing
a: no special abilities


You were on level 3 of the Dungeon.
You were not hungry.

You visited 1 branch of the dungeon, and saw 3 of its levels.

Inventory:

Armour
 a - a +0 robe (worn)
Jewellery
 c - a +5 ring of evasion (left hand)
Scrolls
 b - 2 scrolls of fog {!r, unknown}
 d - a scroll of identify {!r, unknown}


   Skills:
 - Level 1.5 Dodging
 - Level 1.5 Stealth
 + Level 3.0 Spellcasting
 - Level 0.7 Conjurations
 * Level 3.1 Air Magic


You had 4 spell levels left.
You knew the following spells:

 Your Spells              Type           Power        Failure   Level  Hunger
a - Shock                 Conj/Air       #...         10%         1    N/A
z - Swiftness             Chrm/Air       #.......     17%         2    N/A

Your spell library contained the following spells:

 Spells                   Type           Power        Failure   Level  Hunger
 Lightning Bolt           Conj/Air       #.........   95%         5    N/A
 Airstrike                Air            ##........   52%         4    N/A
 Static Discharge         Conj/Air       #.......     28%         3    N/A

Dungeon Overview and Level Annotations

Branches:
Dungeon (3/15)

Altars:
Cheibriados

Annotations:
D:3 Grinder


Innate Abilities, Weirdness & Mutations

You do not eat or drink.
Your flesh is vulnerable to fire.
You are immune to poison.
Your flesh is cold resistant. (rC+)
You are immune to negative energy. (rN+++)
You are immune to unholy pain and torment.
You can survive without breathing.


Message History

Press: ? - help, Shift-Dir - straight line, f - rat
Aim: a rat The zap hits the rat.
You kill the rat!
Casting: Shock (safe; 10% risk of failure)
Confirm with . or Enter, or press ? or * to list all spells.
You can't see any susceptible monsters within range! (Use Z to cast anyway.)
You start resting.
Magic restored.
d - a scroll labeled QEW XUACOI {!r}
Things that are here:
a mace; a hobgoblin corpse
There is a stone staircase leading down here.
You see here a rat corpse.
You climb downwards.
Grinder comes into view.
Grinder shouts!
You hear a shout! x4
Found a flail and a coppery potion.
There is a stone staircase leading up here.
Casting: Shock (safe; 10% risk of failure)
Confirm with . or Enter, or press ? or * to list all spells.
Aiming: Shock (safe; 10% risk of failure)
Press: ? - help, Shift-Dir - straight line
Okay, then.
Grinder gestures at you.
You suddenly lose the ability to move!
You can move again.
Casting: Shock (safe; 10% risk of failure)
Confirm with . or Enter, or press ? or * to list all spells.
Aiming: Shock (safe; 10% risk of failure)
Press: ? - help, Shift-Dir - straight line, f - Grinder
Aim: Grinder The zap misses Grinder.
The zap hits Grinder.
Grinder is lightly wounded.
Grinder completely misses you.
Unknown command.
Casting: Shock (safe; 10% risk of failure)
Confirm with . or Enter, or press ? or * to list all spells.
Aiming: Shock (safe; 10% risk of failure)
Press: ? - help, Shift-Dir - straight line, f/p - Grinder
Aim: Grinder The zap hits Grinder.
Grinder is lightly wounded.
The zap hits Grinder.
Grinder is lightly wounded.
Grinder hits you.
Casting: Shock (safe; 10% risk of failure)
Confirm with . or Enter, or press ? or * to list all spells.
Aiming: Shock (safe; 10% risk of failure)
Press: ? - help, Shift-Dir - straight line, f/p - Grinder
Aim: Grinder (lightly wounded)
The zap hits Grinder.
Grinder is lightly wounded.
The zap hits Grinder.
Grinder appears unharmed.
Grinder is lightly wounded.
Grinder says, "You look like you could use a good racking."
Grinder gestures at you.
You suddenly lose the ability to move!
Grinder hits you. Grinder hits you!
* * * LOW HITPOINT WARNING * * *
An orc wizard comes into view. It is wielding a dagger.
Grinder hits you!
You die...

## #. ...#. #
..#.. .## ....
..# #..##.#
#.!.#.#####
..###....)...###
.......<........
#..####.@5..##.
####...# #.# ..
.o


You could see Grinder and an orc wizard (wandering).

Vanquished Creatures
  3 dart slugs
  2 bats (D:2)
  A giant cockroach (D:2)
  A goblin (D:2)
  2 hobgoblins (D:2)
  A frilled lizard (D:2)
  3 rats (D:2)
13 creatures vanquished.

Notes
Turn   | Place    | Note
-------+----------+-------------------------------------------
     0 | D:1      | Amnesiac the Mummy Air Elementalist began the quest for the Orb.
     0 | D:1      | Reached XP level 1. HP: 13/13 MP: 4/4
   235 | D:2      | Reached XP level 2. HP: 9/19 MP: 0/5
   367 | D:2      | Learned a level 2 spell: Swiftness
   381 | D:2      | Found a snail-covered altar of Cheibriados.
   580 | D:3      | Noticed Grinder
   581 | D:3      | Paralysed by Grinder for 2 turns
   585 | D:3      | Paralysed by Grinder for 5 turns
   588 | D:3      | Slain by Grinder

Skill      XL: |  1  2 |
---------------+-------+-----
Air Magic      | 3 |  3.1
Spellcasting   | 3 |  3.0
Dodging        | |  1.5
Stealth        | |  1.5
Conjurations   | |  0.7

Action                   || total
-------------------------++-------
Melee: Unarmed           ||     7
 Cast: Shock             ||    26
Armor: Robe              ||     2
Dodge: Dodged            ||    11
